 Dungeon Crawl Stone Soup version 0.20-a0-772-g73021bd (webtiles) character file.

697 polly the Cudgeler (level 7, -1/57 HPs)
             Began as a Purple Draconian Gladiator on Feb 26, 2017.
             Slain by an ogre
             ... wielding a +0 giant club
              (15 damage)
             ... on level 4 of the Dungeon.
             The game lasted 00:05:07 (3637 turns).

polly the Cudgeler (Purple Draconian Gladiator)     Turns: 3637, Time: 00:05:08

Health: -1/57      AC:  8    Str: 17    XL:     7   Next: 37%
Magic:  7/7        EV: 14    Int: 10    God:
Gold:   101        SH:  0    Dex: 12    Spells: 6/6 levels left

rFire    . . .     SeeInvis .   a - +0 flail
rCold    . . .     Gourm    .   (armour unavailable)
rNeg     . . .     Faith    .   (no shield)
rPois    .         Spirit   .   b - +0 hat
rElec    .         Reflect  .   s - +0 cloak
rCorr    .         Harm     .   (no gloves)
MR       +....                  j - +0 pair of boots
Stlth    ++........             (no amulet)
Regen    0.2/turn               (no ring)
MPRegen  0.1/turn               (no ring)

@: no status effects
A: breathe power, unfitting armour, cold-blooded, AC +6
a: Breathe Dispelling Energy


You were on level 4 of the Dungeon.
You were not hungry.

You visited 1 branch of the dungeon, and saw 4 of its levels.

You collected 101 gold pieces.

Inventory:

Hand Weapons
 a - a +0 flail (weapon)
Armour
 b - a +0 hat (worn)
 j - a +0 pair of boots (worn)
 s - a +0 cloak (worn)
Jewellery
 v - a cursed ring of loudness {unknown}
Wands
 t - a wand of lightning (11/15)
 x - a wand of random effects (36/48)
Scrolls
 e - a scroll of magic mapping
 h - a scroll of enchant weapon
 i - 3 scrolls of teleportation
 n - a scroll of amnesia
 q - a scroll of recharging {unknown}
Potions
 g - a potion of experience {unknown}
 l - a potion of heal wounds
 m - a potion of mutation {unknown}
 p - 2 potions of agility {unknown}
 r - a potion of ambrosia {unknown}
 u - a potion of degeneration {unknown}
 w - a potion of flight {unknown}
Comestibles
 d - 2 bread rations
 f - 8 fruits
 k - 5 meat rations
 o - 2 royal jellies


   Skills:
 + Level 3.5 Fighting
 + Level 6.9 Maces & Flails
 + Level 2.0 Throwing
 + Level 4.3 Dodging
 + Level 2.0 Stealth


You had 6 spell levels left.
You didn't know any spells.

Dungeon Overview and Level Annotations

Branches:
Dungeon (4/15)
 Temple: D:4-7

Altars:
Hepliaklqana
Kikubaaqudgha
Makhleb
Vehumet


Innate Abilities, Weirdness & Mutations

You can breathe bolts of dispelling energy.
Your rich purple scales are hard. (AC +6)
You cannot fit into any form of body armour.
You are cold-blooded and may be slowed by cold attacks.


Message History

You are too injured to fight recklessly!
You are too injured to fight recklessly!
You are too injured to fight recklessly!
You are too injured to fight recklessly!
You are too injured to fight recklessly!
You are too injured to fight recklessly!
You are too injured to fight recklessly!
You are too injured to fight recklessly!
You are too injured to fight recklessly!
Throwing (i - inventory):
c - a throwing net (quivered)
Press: ? - help, Shift-Dir - straight line, f - leopard gecko
Aim: a leopard gecko You throw a throwing net.
The throwing net hits the leopard gecko.
The leopard gecko is caught in the net!
The leopard gecko struggles against the net.
You completely miss the ogre. You tail-slap the ogre.
The ogre is heavily wounded.
The ogre hits you with a giant club!
You die...

#######...#............
#.........#............
#.........#............
#......)..#............
#.....))..'.....#######
#....##)..#.....#
#....##..(#.....#
#.....#..(#.....+
#######..(#@....#
#...#Ol...# #####.....#
#.....# +.....# #.....#
#.....# #.....#


You could see an ogre and a leopard gecko (caught).

Vanquished Creatures
  Sigmund (D:2)
  2 scorpions
  A crimson imp (D:3)
  An orc priest (D:4)
  A bullfrog skeleton (D:4)
  3 orc wizards (D:3)
  Crazy Yiuf (D:2)
  Jessica (D:3)
  Ijyb (D:2)
  2 worker ants (D:4)
  Robin (D:3)
  3 adders
  3 worms
  A dart slug (D:2)
  A leopard gecko (D:2)
  10 orcs
  A ball python (D:2)
  4 bats
  A bat zombie (D:2)
  6 giant cockroaches
  17 goblins
  9 hobgoblins
  11 kobolds
  3 quokkas
  2 frilled lizards
  7 rats
  A rat zombie (D:2)
95 creatures vanquished.

Notes
Turn   | Place    | Note
-------+----------+-------------------------------------------
     0 | D:1      | polly the Draconian Gladiator began the quest for the Orb.
     0 | D:1      | Reached XP level 1. HP: 17/17 MP: 1/1
   136 | D:1      | Reached XP level 2. HP: 24/24 MP: 2/2
   557 | D:1      | Reached XP level 3. HP: 17/29 MP: 3/3
   820 | D:2      | Noticed Sigmund
   829 | D:2      | Killed Sigmund
   829 | D:2      | Reached skill level 5 in Maces & Flails
   829 | D:2      | Reached skill level 1 in Stealth
   829 | D:2      | Reached XP level 4. HP: 27/37 MP: 4/4
   829 | D:2      | Reached XP level 5. HP: 30/42 MP: 5/5
  1121 | D:2      | Found a hazy altar of Hepliaklqana.
  1302 | D:2      | Found a runed door.
  1489 | D:2      | Found an ancient bone altar of Kikubaaqudgha.
  1646 | D:2      | Noticed Crazy Yiuf
  1657 | D:2      | Killed Crazy Yiuf
  1874 | D:3      | Noticed Ijyb
  1874 | D:3      | Noticed Robin
  1910 | D:2      | Killed Ijyb
  1911 | D:2      | Reached XP level 6. HP: 43/50 MP: 6/6
  1939 | D:3      | Killed Robin
  2164 | D:3      | Noticed Jessica
  2170 | D:3      | Killed Jessica
  2187 | D:3      | Found a burning altar of Makhleb.
  2188 | D:3      | Found a radiant altar of Vehumet.
  2486 | D:3      | Reached skill level 6 in Maces & Flails
  2836 | D:3      | Your scales start taking on a rich purple colour.
  2836 | D:3      | Reached XP level 7. HP: 57/57 MP: 7/7
  3637 | D:4      | Slain by an ogre

Vault maps used:
D:1:      eino_arrival_druids_welcome, minmay_misc_feat_roman,
          minmay_pentomino_q4
D:2:      kennysheep_big_flooded_room, nicolae_overflow_crystal_walls,
          lemuel_zombie_altar_kikubaaqudgha, uniq_crazy_yiuf_cottage,
          uniq_sigmund
D:3:      grunt_temple_overflow_lords_of_destruction, serial_bayou_lake_a,
          uniq_iyjb, uniq_robin, uniq_jessica
D:4:      first_bread, dk_vineyard_3

Skill      XL: |  1  2  3  4  5  6  7 |
---------------+----------------------+-----
Dodging        | 3 4 |  4.3
Throwing       | 2 |  2.0
Maces & Flails | 5 6 |  6.9
Stealth        | 1 2 |  2.0
Fighting       | 3 |  3.5

Action                   |  1- 3 |  4- 6 |  7- 9 || total
-------------------------+-------+-------+-------++-------
Melee: Flail             |    80 |   227 |    46 ||   353
       Tailslap          |     7 |    30 |     9 ||    46
Throw: Throwing net      |     2 |     1 |     2 ||     5
  Use: Scroll            |       |     6 |       ||     6
       Potion            |       |       |     1 ||     1
 Stab: Sleeping          |     2 |     2 |       ||     4
       Held in net/web   |     2 |     1 |       ||     3
  Eat: Chunk             |       |     6 |     3 ||     9
Armor: Skin              |    15 |    91 |    15 ||   121
Dodge: Dodged            |    74 |   188 |    48 ||   310
